[Event "Titled Tuesday Blitz January 17 Early 2023"]
[White "Lu, Shanglei"]
[Black "Shuvalov, Evgenij"]
[WhiteFideId "8603332"]
[BlackFideId "4187237"]
[WhiteElo "2596"]
[BlackElo "2038"]
[Result "1-0"]
[Round "01"]
[TimeControl "180+2"]
[Date "2023.01.17"]
[WhiteClock "0:01:12"]
[BlackClock "0:00:06"]

1. e4 e6 2. d4 d5 3. e5 c5 4. c3 Nc6 5. Nf3 Qb6 6. a3 Bd7 7. b4 cxd4 8. cxd4 Rc8 9. Be3 Nh6 10. Bd3 Ng4 11. O-O Nxe3 12. fxe3 Be7 13. Qe1 O-O 14. Nc3 Nb8 15. Kh1 Rc7 16. e4 Rfc8 17. Rc1 dxe4 18. Qxe4 g6 19. Qf4 Rxc3 20. Rxc3 Rxc3 21. Ng5 Be8 22. Nxf7 Rxd3 23. Nh6+ Kg7 24. Ng4 Nd7 25. Nf6 Bxf6 26. exf6+ Kf7 27. Qh6 Nxf6 28. Qxh7+ Kf8 29. Rxf6+ Bf7 30. Qxf7# 1-0


[Site "https://www.chess.com"]

[Event "Titled Tuesday Blitz January 17 Early 2023"]
[White "Kozin, Yuri"]
[Black "Svane, Rasmus"]
[WhiteFideId "4129920"]
[BlackFideId "4657101"]
[WhiteElo "2251"]
[BlackElo "2623"]
[Result "0-1"]
[Round "01"]
[TimeControl "180+2"]
[Date "2023.01.17"]
[WhiteClock "0:01:17"]
[BlackClock "0:01:22"]

1. e4 c6 2. d4 d5 3. exd5 cxd5 4. c4 Nf6 5. Nc3 Nc6 6. Bg5 dxc4 7. d5 Ne5 8. Qd4 h6 9. Be3 Neg4 10. Bxc4 Nxe3 11. Qxe3 g6 12. Nf3 Bg7 13. O-O O-O 14. Rfe1 Re8 15. Rad1 a6 16. Bb3 Qd6 17. Ne5 Ng4 18. Nxg4 Bxg4 19. f3 Bf5 20. Rd2 Rac8 21. Ne4 Bxe4 22. Qxe4 Rc7 23. Rde2 Rec8 24. h4 h5 25. f4 Bf6 26. g3 Rc1 27. Kg2 Qd7 28. d6 e6 29. Qd3 Rxe1 30. Rxe1 Kg7 31. Rd1 Bxb2 32. Rd2 Bf6 33. Kf3 Rc3 0-1


[Site "https://www.chess.com"]

[Event "Titled Tuesday Blitz January 17 Early 2023"]
[White "Dominguez Perez, Leinier"]
[Black "Ansh M Shah"]
[WhiteFideId "3503240"]
[BlackFideId "25033379"]
[WhiteElo "2739"]
[BlackElo "2171"]
[Result "0-1"]
[Round "01"]
[TimeControl "180+2"]
[Date "2023.01.17"]
[WhiteClock "0:00:02"]
[BlackClock "0:00:11"]

1. e4 c6 2. d4 d5 3. e5 Bf5 4. Nf3 e6 5. Be2 Nd7 6. O-O Ne7 7. Nbd2 h6 8. Nb3 a6 9. a4 c5 10. dxc5 Nc6 11. Be3 Ndxe5 12. Nxe5 Nxe5 13. Nd4 Bg6 14. b4 Be7 15. c3 O-O 16. f4 Nd7 17. f5 exf5 18. Nxf5 Bf6 19. Qxd5 Bxf5 20. Rxf5 Qe7 21. Qd2 Rfe8 22. Kf2 Rad8 23. Bd4 Bxd4+ 24. cxd4 Nf6 25. Bf3 Ne4+ 26. Bxe4 Qxe4 27. Rf4 Qd5 28. Rd1 Re7 29. Qd3 Rde8 30. Qf3 Qa2+ 31. Kf1 Qxa4 32. d5 Qb5+ 33. Kf2 Re2+ 0-1


[Site "https://www.chess.com"]

[Event "Titled Tuesday Blitz January 17 Early 2023"]
[White "Balabayeva, Xeniya"]
[Black "Esipenko, Andrey"]
[WhiteFideId "13719688"]
[BlackFideId "24175439"]
[WhiteElo "2191"]
[BlackElo "2679"]
[Result "1-0"]
[Round "01"]
[TimeControl "180+2"]
[Date "2023.01.17"]
[WhiteClock "0:00:04"]
[BlackClock "0:00:02"]

1. e4 c6 2. d4 d5 3. Nd2 dxe4 4. Nxe4 Nf6 5. Nxf6+ exf6 6. c3 Bd6 7. Bd3 O-O 8. Ne2 Re8 9. Qc2 f5 10. Bxf5 Bxf5 11. Qxf5 Nd7 12. Qd3 Qe7 13. h3 Nb6 14. Bd2 Nd5 15. Kf1 b5 16. Re1 Qf6 17. g3 Re6 18. Kg2 Rae8 19. Rhf1 a5 20. Ng1 a4 21. Nf3 h6 22. Rxe6 Rxe6 23. Re1 Rxe1 24. Nxe1 Qe6 25. b3 Nb6 26. Qf3 Bf8 27. Nd3 Nd5 28. c4 bxc4 29. bxc4 Nb6 30. c5 Nd5 31. a3 Be7 32. Nf4 Nxf4+ 33. Bxf4 Bf6 34. Be3 h5 35. g4 hxg4 36. Qxg4 1-0


[Site "https://www.chess.com"]

[Event "Titled Tuesday Blitz January 17 Early 2023"]
[White "Timofeev, Artyom"]
[Black "Kuznecovs, Nikita"]
[WhiteFideId "4140419"]
[BlackFideId "11604557"]
[WhiteElo "2567"]
[BlackElo "2287"]
[Result "1-0"]
[Round "01"]
[TimeControl "180+2"]
[Date "2023.01.17"]
[WhiteClock "0:00:08"]
[BlackClock "0:00:07"]

1. e4 e6 2. Qe2 Be7 3. Nf3 d5 4. d3 Nf6 5. g3 b6 6. exd5 exd5 7. Bg2 O-O 8. O-O Bb7 9. Bf4 Nbd7 10. Nbd2 Re8 11. Qd1 Nc5 12. Be3 Ng4 13. Re1 Nxe3 14. Rxe3 Bf6 15. Rxe8+ Qxe8 16. d4 Ne6 17. c3 c5 18. dxc5 bxc5 19. h4 Rd8 20. Qb3 Ba8 21. Re1 d4 22. cxd4 cxd4 23. Nc4 Qc6 24. h5 Nc5 25. Qa3 Qd5 26. Nce5 d3 27. Ng4 Be7 28. Rxe7 d2 29. Ne3 d1=Q+ 30. Nxd1 Qxd1+ 31. Ne1 Nd3 32. Qc3 Kf8 33. Re3 Nxe1 34. Rxe1 Qd6 35. Bxa8 Rxa8 36. Qe5 Qxe5 37. Rxe5 Rb8 38. b3 Rb6 39. Ra5 a6 40. Kg2 Ke7 41. Kf3 Ke6 42. Ke4 g6 43. h6 f5+ 44. Kd4 Kf6 45. f4 g5 46. Kc5 Re6 47. b4 g4 48. a4 Kg6 49. b5 axb5 50. axb5 Kxh6 51. b6 Re2 52. b7 Re8 53. Rb5 Rb8 54. Kd6 1-0


[Site "https://www.chess.com"]

[Event "Titled Tuesday Blitz January 17 Early 2023"]
[White "Ezat, Mohamed"]
[Black "Gholami Orimi, Mahdi"]
[WhiteFideId "10600906"]
[BlackFideId "12558486"]
[WhiteElo "2402"]
[BlackElo "2420"]
[Result "0-1"]
[Round "01"]
[TimeControl "180+2"]
[Date "2023.01.17"]
[WhiteClock "0:00:09"]
[BlackClock "0:00:08"]

1. d4 Nf6 2. Nf3 d5 3. Nc3 Bf5 4. Bf4 c6 5. e3 e6 6. Bd3 Nbd7 7. Ne5 Bb4 8. O-O O-O 9. Ne2 Nxe5 10. Bxe5 Nd7 11. Bg3 Re8 12. c3 Bf8 13. Bxf5 exf5 14. Nf4 Nf6 15. Bh4 Qd6 16. Bxf6 Qxf6 17. Nd3 Bd6 18. g3 Re7 19. Rc1 Rae8 20. c4 dxc4 21. Rxc4 g5 22. Qh5 Qg6 23. Qxg6+ hxg6 24. Rfc1 Kg7 25. b4 f4 26. gxf4 gxf4 27. exf4 Re2 28. R4c2 Rxc2 29. Rxc2 Re4 30. Nc5 Rxd4 31. Nxb7 Bxb4 32. Rxc6 Rxf4 33. Rc7 Be1 34. Nd8 Rxf2 35. Rxa7 Rf5 36. Kg2 Bh4 37. Ne6+ Kh6 38. Nd4 Rf2+ 39. Kh1 f5 40. Ra8 Bf6 41. Ne6 Be5 42. Ra6 Rxh2+ 43. Kg1 Rh4 44. Nf8 Rg4+ 45. Kf2 Bg7 46. Ne6 Bc3 47. Rc6 Be5 48. Nf8 Kg7 49. Ne6+ Kf7 50. Nc5 Bd4+ 51. Kf3 Bxc5 52. Rxc5 Ra4 53. Rc2 Kf6 54. Rb2 Ra3+ 55. Kg2 Kg5 56. Kf2 Kg4 57. Rb4+ f4 58. Rb2 g5 59. Kg2 Kh4 60. Kh2 g4 61. Rd2 f3 62. Rb2 Re3 63. Kg1 g3 64. Rb1 Re2 65. Ra1 Rh2 0-1


[Site "https://www.chess.com"]

[Event "Titled Tuesday Blitz January 17 Early 2023"]
[White "Narayanan, Srinath"]
[Black "Santos Flores, Alberto"]
[WhiteFideId "5018420"]
[BlackFideId "3601234"]
[WhiteElo "2559"]
[BlackElo "2164"]
[Result "1-0"]
[Round "01"]
[TimeControl "180+2"]
[Date "2023.01.17"]
[WhiteClock "0:00:59"]
[BlackClock "0:00:09"]

1. Nf3 d5 2. e3 Nf6 3. c4 c6 4. Nc3 a6 5. d4 Bf5 6. Bd3 Bg6 7. O-O e6 8. Qe2 Bxd3 9. Qxd3 Nbd7 10. e4 dxe4 11. Nxe4 Be7 12. Bf4 O-O 13. a3 b5 14. c5 Nxe4 15. Qxe4 Qc8 16. Be5 Rd8 17. Rad1 Nxe5 18. Nxe5 Rd5 19. Nd3 a5 20. Nf4 Rd7 21. Rd3 Bf6 22. Nh5 Be7 23. Qe5 Bf8 24. Rg3 Rd5 25. Nf6+ Kh8 26. Nxd5 cxd5 27. Rf3 Ra7 28. Rc1 Rc7 29. h4 h6 30. h5 Kg8 31. b4 a4 32. Qe2 Qb7 33. Qd3 Be7 34. Re1 Bf6 35. Rf4 Bg5 36. Rg4 Qc6 37. Qg3 Bf6 38. Qf4 Kh8 39. Rg3 Rc8 40. Rf3 Qc7 41. Qd2 Qc6 42. Rxf6 gxf6 43. Qxh6+ Kg8 44. Re3 1-0


[Site "https://www.chess.com"]

[Event "Titled Tuesday Blitz January 17 Early 2023"]
[White "Podetti, Davide"]
[Black "Dardha, Daniel"]
[WhiteFideId "893617"]
[BlackFideId "240990"]
[WhiteElo "2281"]
[BlackElo "2631"]
[Result "0-1"]
[Round "01"]
[TimeControl "180+2"]
[Date "2023.01.17"]
[WhiteClock "0:00:50"]
[BlackClock "0:01:39"]

1. e4 c6 2. d4 d5 3. exd5 cxd5 4. Bd3 Nc6 5. c3 Nf6 6. Bf4 g6 7. Nf3 Bf5 8. Bxf5 gxf5 9. Ne5 e6 10. Nd2 Rg8 11. O-O Bd6 12. Re1 h5 13. Ndf3 Ne4 14. Nxc6 bxc6 15. Ne5 Bxe5 16. Bxe5 Qg5 17. g3 Qg6 18. f3 Ng5 19. Kf2 f4 20. Qa4 Rc8 21. c4 Qf5 22. cxd5 fxg3+ 23. hxg3 Qxf3+ 24. Kg1 Qxd5 25. Rf1 Nf3+ 26. Kf2 Nxe5 27. dxe5 Qd2+ 0-1


[Site "https://www.chess.com"]

[Event "Titled Tuesday Blitz January 17 Early 2023"]
[White "Demchenko, Anton"]
[Black "Martin Duque, Jesus"]
[WhiteFideId "4160258"]
[BlackFideId "2208954"]
[WhiteElo "2623"]
[BlackElo "2386"]
[Result "1-0"]
[Round "01"]
[TimeControl "180+2"]
[Date "2023.01.17"]
[WhiteClock "0:01:56"]
[BlackClock "0:01:49"]

1. e4 c5 2. Nf3 b6 3. d4 cxd4 4. Qxd4 Bb7 5. Nc3 Nc6 6. Qe3 g6 7. Bc4 Bg7 8. O-O Nf6 9. h3 O-O 10. e5 Ne8 11. Rd1 Rc8 12. a3 Nxe5 13. Nxe5 Bxe5 14. Qxe5 Rxc4 15. Bh6 f6 16. Qe2 Rxc3 17. Bxf8 Rc5 18. Bxe7 Qc8 1-0


[Site "https://www.chess.com"]

[Event "Titled Tuesday Blitz January 17 Early 2023"]
[White "Jegorovas, Aleksandras"]
[Black "Xu, Yi"]
[WhiteFideId "12801950"]
[BlackFideId "8605564"]
[WhiteElo "2270"]
[BlackElo "2527"]
[Result "1/2-1/2"]
[Round "01"]
[TimeControl "180+2"]
[Date "2023.01.17"]
[WhiteClock "0:00:19"]
[BlackClock "0:00:13"]

1. Nf3 d5 2. e3 Nf6 3. c4 e6 4. b3 b6 5. Bb2 Bd6 6. Nc3 a6 7. cxd5 exd5 8. g3 Bb7 9. Bg2 Nbd7 10. O-O O-O 11. d4 Qe7 12. Ne2 Ne4 13. Nf4 g6 14. Nd3 f6 15. Rc1 Rac8 16. Qc2 Kg7 17. Nf4 Qf7 18. Bh3 Rfe8 19. Nd2 Nxd2 20. Qxd2 Rcd8 21. Qe2 Nf8 22. Qf3 a5 23. Rc2 a4 24. Rfc1 Ra8 25. Bg2 Ne6 26. Nxd5 Ra5 27. e4 Bxd5 28. exd5 Ng5 29. Qd3 axb3 30. axb3 f5 31. Re2 Raa8 32. Rce1 Rxe2 33. Rxe2 Re8 34. h4 Ne4 35. Bxe4 fxe4 36. Rxe4 Qf5 37. Re3 Rf8 38. Qxf5 Rxf5 39. Kg2 Rxd5 40. f4 h5 41. Kf3 Kf7 42. Ke4 Ra5 43. Rf3 Ra2 44. Bc3 Re2+ 45. Kd3 Rg2 46. Ke4 Re2+ 47. Kd3 Rg2 48. Ke4 Re2+ 1/2-1/2


[Site "https://www.chess.com"]

[Event "Titled Tuesday Blitz January 17 Early 2023"]
[White "Shimanov, Aleksandr"]
[Black "Mortazavi, Ali"]
[WhiteFideId "4198603"]
[BlackFideId "401323"]
[WhiteElo "2581"]
[BlackElo "2333"]
[Result "1-0"]
[Round "01"]
[TimeControl "180+2"]
[Date "2023.01.17"]
[WhiteClock "0:00:07"]
[BlackClock "0:00:01"]

1. a3 b6 2. e4 Bb7 3. Nc3 c5 4. b4 e6 5. Rb1 cxb4 6. axb4 Nc6 7. b5 Nd4 8. Nge2 Qf6 9. Nxd4 Qxd4 10. Bd3 Nf6 11. Bb2 Qc5 12. O-O Bd6 13. Qe2 Qc7 14. h3 h5 15. Rbe1 Bh2+ 16. Kh1 Be5 17. Nd1 g5 18. Bxe5 Qxe5 19. Ne3 Rc8 20. Nc4 Rxc4 21. Bxc4 Qxe4 22. Qxe4 Nxe4 23. Re2 g4 24. Kh2 Rg8 25. Ra1 gxh3 26. g3 Ng5 27. Rxa7 Nf3+ 28. Kh1 h4 29. Rxb7 hxg3 30. Rb8+ Ke7 31. Rxg8 g2+ 32. Rxg2 hxg2+ 33. Kxg2 Nd4 34. Re3 Nxc2 35. Rc3 Nd4 36. Kf1 f5 37. Be2 Kd6 38. f4 1-0


[Site "https://www.chess.com"]

[Event "Titled Tuesday Blitz January 17 Early 2023"]
[White "Kamalidenova, Meruert"]
[Black "Movsesian, Sergei"]
[WhiteFideId "13712802"]
[BlackFideId "310204"]
[WhiteElo "2350"]
[BlackElo "2610"]
[Result "1-0"]
[Round "01"]
[TimeControl "180+2"]
[Date "2023.01.17"]
[WhiteClock "0:00:25"]
[BlackClock "0:00:08"]

1. e4 c5 2. c3 Qa5 3. Nf3 Nc6 4. Be2 d6 5. O-O Nf6 6. Qc2 e5 7. d4 cxd4 8. cxd4 exd4 9. Nbd2 Be6 10. Bc4 Be7 11. Nb3 Qb6 12. Rd1 O-O 13. Bxe6 fxe6 14. Nbxd4 Nxd4 15. Nxd4 e5 16. Nf5 Rf7 17. Be3 Qa6 18. f3 Bf8 19. Qb3 g6 20. Ng3 h5 21. Rac1 Rd8 22. Bg5 Bg7 23. Kh1 Rf8 24. Rc7 Nh7 25. Be7 Kh8 26. Bxf8 Rxc7 27. Bxd6 Rd7 28. Ba3 Rxd1+ 29. Qxd1 Nf6 30. h4 Kh7 31. Ne2 Qc4 32. Ng1 Qxa2 33. Nh3 Bh6 34. Be7 Ne8 35. Qd7 Qf7 36. Qd8 Ng7 37. Bf6 Ne8 38. Bg5 Bg7 39. Be3 Kg8 40. Ng5 Qf8 41. Qd5+ Kh8 42. Qxb7 Nf6 43. Ne6 Qg8 44. Nxg7 Qxg7 45. Qb8+ Kh7 46. Qxa7 Qxa7 47. Bxa7 Ne8 48. Bb8 Kg7 49. Bxe5+ Kf7 50. b4 Ke6 51. f4 Kd7 52. b5 1-0


[Site "https://www.chess.com"]

[Event "Titled Tuesday Blitz January 17 Early 2023"]
[White "Sanal, Vahap"]
[Black "Bettalli, Francesco"]
[WhiteFideId "6300545"]
[BlackFideId "2816453"]
[WhiteElo "2600"]
[BlackElo "2252"]
[Result "1-0"]
[Round "01"]
[TimeControl "180+2"]
[Date "2023.01.17"]
[WhiteClock "0:00:16"]
[BlackClock "0:00:13"]

1. d4 g6 2. e4 Bg7 3. Nf3 d6 4. Nc3 c6 5. a4 Nd7 6. Bc4 Ngf6 7. e5 Ng4 8. Bxf7+ Kxf7 9. Ng5+ Kg8 10. Ne6 Qb6 11. a5 Qa6 12. Nxg7 Kxg7 13. Qxg4 Nxe5 14. Qh4 Nf7 15. Be3 Bf5 16. Kd2 e5 17. g4 Be6 18. f4 Rhe8 19. f5 gxf5 20. gxf5 Bxf5 21. Rhg1+ Bg6 22. Raf1 Re6 23. Qg4 Rae8 24. h4 exd4 25. Bxd4+ Kg8 26. h5 c5 27. hxg6 Rxg6 28. Qf5 Re7 29. Rxg6+ hxg6 30. Qc8+ Kh7 31. Rh1+ Nh6 32. Qh8# 1-0


[Site "https://www.chess.com"]

[Event "Titled Tuesday Blitz January 17 Early 2023"]
[White "Ahmad, Al Khatib"]
[Black "Zierk, Steven"]
[WhiteFideId "8103178"]
[BlackFideId "2034255"]
[WhiteElo "2344"]
[BlackElo "2488"]
[Result "0-1"]
[Round "01"]
[TimeControl "180+2"]
[Date "2023.01.17"]
[WhiteClock "0:00:04"]
[BlackClock "0:00:21"]

1. Nf3 d5 2. g3 Nf6 3. Bg2 c6 4. O-O Bg4 5. d3 e6 6. Nbd2 Nbd7 7. Qe1 Be7 8. e4 dxe4 9. dxe4 e5 10. Nc4 Qc7 11. h3 Bh5 12. Qc3 Nxe4 13. Qe3 Bxf3 14. Bxf3 Nd6 15. Nxd6+ Qxd6 16. Rd1 Qe6 17. Qb3 Nc5 18. Qxe6 Nxe6 19. Be3 O-O 20. c3 Rfd8 21. Rxd8+ Bxd8 22. Rd1 Bb6 23. Bc1 Rd8 24. Rxd8+ Bxd8 25. Be3 Bb6 26. Bd2 f5 27. Bd1 Kf7 28. Bb3 Kf6 29. h4 e4 30. Bg5+ Nxg5 31. hxg5+ Kxg5 32. Be6 Bc7 33. Bc8 b6 34. Bb7 c5 35. Kg2 Kf6 36. Bc8 g5 37. Kf1 h5 38. Kg2 Be5 39. f3 e3 40. Ba6 g4 41. f4 Bd6 42. Bc8 h4 43. Ba6 Ke7 44. Bd3 h3+ 45. Kh2 Kd8 46. b3 Kc7 47. c4 a6 48. Be2 Kc6 49. Bd3 b5 50. Kg1 Kb6 51. Bxf5 e2 52. Kf2 h2 53. Be4 Ka5 54. Kxe2 bxc4 55. bxc4 Kb4 56. Kf2 Kxc4 57. Kg2 Kd4 58. Bf5 c4 59. Bxg4 c3 60. Bf5 Ke3 61. Bg6 Kd2 62. Kxh2 c2 63. Bxc2 Kxc2 64. f5 Kb2 65. Kh3 Kxa2 66. g4 Be7 67. Kg3 Bg5 68. Kf3 Kb3 69. Ke4 a5 70. Ke5 a4 71. f6 Bxf6+ 72. Kxf6 a3 73. g5 a2 74. g6 a1=Q+ 75. Kf7 Qa7+ 76. Kg8 Qb8+ 77. Kh7 Qh2+ 78. Kg8 Kc4 79. g7 Kd5 80. Kf7 Qf4+ 81. Ke7 Qg5+ 82. Kf7 Qf5+ 83. Ke7 Qg6 84. Kf8 Qf6+ 85. Kg8 Ke6 86. Kh7 Qh4+ 87. Kg6 Qg4+ 88. Kh7 Qh5+ 89. Kg8 Kf6 90. Kf8 Qf7# 0-1


[Site "https://www.chess.com"]

[Event "Titled Tuesday Blitz January 17 Early 2023"]
[White "Remizov, Yaroslav"]
[Black "Reprintsev, Alexander"]
[WhiteFideId "34134015"]
[BlackFideId "14100541"]
[WhiteElo "2421"]
[BlackElo "2253"]
[Result "1/2-1/2"]
[Round "01"]
[TimeControl "180+2"]
[Date "2023.01.17"]
[WhiteClock "0:00:09"]
[BlackClock "0:00:34"]

1. d4 d5 2. c4 e5 3. dxe5 d4 4. Nf3 Nc6 5. Nbd2 a5 6. g3 Nge7 7. Bg2 Nf5 8. O-O Be7 9. b3 a4 10. bxa4 O-O 11. Rb1 Ra7 12. h3 Be6 13. g4 Nh4 14. Nxh4 Bxh4 15. f4 f5 16. g5 h6 17. Nf3 hxg5 18. Nxh4 gxh4 19. Qc2 Qd7 20. Rb5 Rfa8 21. Bd5 Rxa4 22. Qxf5 Nd8 23. Rxb7 Rxa2 24. Qe4 Bxd5 25. cxd5 Nxb7 26. f5 Nc5 27. Qxd4 Nb3 28. Qc4 Nxc1 29. Rxc1 R8a4 30. Qxc7 Qxf5 31. Qc8+ Qxc8 32. Rxc8+ Kf7 33. e6+ Kf6 34. Rf8+ Ke7 35. Rf7+ Ke8 36. d6 Rd4 37. d7+ Kd8 38. Rf8+ Kc7 39. Rc8+ Kb7 40. d8=Q Rxd8 41. Rxd8 Rxe2 42. Rd7+ Kc6 43. Rxg7 Rxe6 44. Kf2 Re4 45. Kf3 Ra4 46. Re7 Kd6 47. Re1 Kd7 48. Re2 Kd6 49. Re3 Kd7 50. Re1 Kd6 51. Re8 Kd7 52. Rg8 Ke7 53. Rg4 Rxg4 54. hxg4 Kf6 55. Kg2 Kg6 56. Kh2 Kh6 57. Kg2 Kg6 58. Kh2 Kh6 59. Kg2 Kg6 1/2-1/2


[Site "https://www.chess.com"]

[Event "Titled Tuesday Blitz January 17 Early 2023"]
[White "Hajiyev, Kanan"]
[Black "Grandelius, Nils"]
[WhiteFideId "13404148"]
[BlackFideId "1710400"]
[WhiteElo "2197"]
[BlackElo "2664"]
[Result "0-1"]
[Round "01"]
[TimeControl "180+2"]
[Date "2023.01.17"]
[WhiteClock "0:00:01"]
[BlackClock "0:00:18"]

1. d4 Nf6 2. Nf3 e6 3. c4 a6 4. Nc3 c5 5. e4 cxd4 6. Nxd4 Bb4 7. f3 O-O 8. Be3 d5 9. e5 Nfd7 10. f4 Nb6 11. c5 N6d7 12. Nb3 Qe7 13. a3 Bxc5 14. Nxc5 Nxc5 15. Rc1 b6 16. b4 Ncd7 17. Bd3 Bb7 18. O-O Nc6 19. Ne2 f6 20. Qc2 g6 21. Nd4 Rac8 22. Nxc6 Rxc6 23. Qb2 fxe5 24. Rxc6 Bxc6 25. fxe5 Rxf1+ 26. Bxf1 Bb5 27. Bxb5 axb5 28. Qf2 Nxe5 29. Bxb6 Nc4 30. Bc5 Qf7 31. Qe2 Nxa3 32. Qe5 Nc4 33. Qb8+ Kg7 34. Qxb5 e5 35. Qc6 Nd2 36. h3 d4 37. b5 Qf1+ 38. Kh2 Qf4+ 39. Kg1 Ne4 40. Qd7+ Kh6 41. Be7 Ng3 42. b6 Ne2+ 43. Kh1 Qf1+ 0-1


[Site "https://www.chess.com"]

[Event "Titled Tuesday Blitz January 17 Early 2023"]
[White "Le, Tuan Minh"]
[Black "Trigo Urquijo, Sergio"]
[WhiteFideId "12401153"]
[BlackFideId "2262436"]
[WhiteElo "2542"]
[BlackElo "2408"]
[Result "1-0"]
[Round "01"]
[TimeControl "180+2"]
[Date "2023.01.17"]
[WhiteClock "0:00:06"]
[BlackClock "0:00:11"]

1. d4 e6 2. Nf3 c5 3. c3 Nf6 4. Bf4 b6 5. e3 Bb7 6. Bd3 Be7 7. h3 d6 8. O-O O-O 9. Nbd2 Nbd7 10. Bh2 Re8 11. Qe2 Bf8 12. Rfd1 e5 13. dxe5 dxe5 14. Ba6 Qc7 15. a4 Rad8 16. a5 Bc6 17. axb6 axb6 18. Bb5 Qb7 19. e4 Bd6 20. Ra4 Ra8 21. Rda1 Rxa4 22. Rxa4 Ra8 23. Qc4 Rxa4 24. Qxa4 Bxb5 25. Qxb5 h6 26. Bg3 Nf8 27. Bxe5 Bxe5 28. Nxe5 Nxe4 29. Ndc4 Qe7 30. Qc6 Qh4 31. g3 Nxg3 32. fxg3 Qxg3+ 33. Qg2 Qe1+ 34. Qf1 Qg3+ 35. Kh1 Ne6 36. Qxf7+ Kh8 37. Qxe6 Qe1+ 38. Kg2 Qe2+ 39. Kg3 Qe1+ 40. Kf4 Qf2+ 41. Ke4 Qg2+ 42. Nf3 Qe2+ 43. Ne3 Qxb2 44. Qe5 Qb1+ 45. Kf4 Qc1 46. h4 b5 47. Qxc5 Qb2 48. Qc8+ Kh7 49. Qf5+ Kh8 50. Qf8+ Kh7 51. Qc5 Qb1 52. Qf5+ 1-0


[Site "https://www.chess.com"]

[Event "Titled Tuesday Blitz January 17 Early 2023"]
[White "Ortega Ruiz, Jose Miguel"]
[Black "Oparin, Grigoriy"]
[WhiteFideId "2209713"]
[BlackFideId "24125890"]
[WhiteElo "2351"]
[BlackElo "2667"]
[Result "0-1"]
[Round "01"]
[TimeControl "180+2"]
[Date "2023.01.17"]
[WhiteClock "0:00:58"]
[BlackClock "0:01:08"]

1. Nf3 c5 2. e3 Nc6 3. d4 e6 4. Be2 Nf6 5. O-O b6 6. c4 cxd4 7. exd4 d5 8. Nc3 Bb7 9. cxd5 Nxd5 10. Bb5 a6 11. Ba4 Be7 12. Bb3 Na5 13. Bc2 Rc8 14. Nxd5 Qxd5 15. Bd3 O-O 16. Re1 Nc6 17. Be4 Qh5 18. d5 exd5 19. Qxd5 Qxd5 20. Bxd5 Bf6 21. Be3 b5 22. a4 b4 23. Bc5 Rfd8 24. Rad1 Bxb2 25. Bxc6 Bxc6 26. Bxb4 Rxd1 27. Rxd1 Bxa4 28. Re1 h6 29. h4 Bb5 30. Ba5 Bf6 31. Bb6 Rc4 32. h5 Rc6 33. Ba7 a5 34. Ne5 Ra6 35. Bc5 a4 36. Ng4 Bb2 37. Ne3 a3 38. Nc2 a2 39. Na1 Bxa1 40. Rxa1 Bd3 41. f3 Bb1 42. Kf2 Ra5 43. Bd4 Rxh5 44. Ke3 Rb5 45. g4 f6 46. Kf4 Kf7 47. Ke3 g5 48. Bc3 Kg6 49. Kd2 h5 50. gxh5+ Kf5 51. Ke3 Rb3 52. Kd4 Rb7 53. Ke3 Rh7 54. Kf2 Rxh5 55. Ke3 Rh2 56. Bd4 Ke6 57. Bb6 f5 58. Bd8 f4+ 59. Kd4 Kf5 60. Kc3 Rf2 0-1


[Site "https://www.chess.com"]

[Event "Titled Tuesday Blitz January 17 Early 2023"]
[White "Aravindh, Chithambaram VR."]
[Black "Kuznetsov, Mikhail"]
[WhiteFideId "5072786"]
[BlackFideId "4117190"]
[WhiteElo "2633"]
[BlackElo "2050"]
[Result "1-0"]
[Round "01"]
[TimeControl "180+2"]
[Date "2023.01.17"]
[WhiteClock "0:01:12"]
[BlackClock "0:00:20"]

1. c4 Nf6 2. Nc3 d5 3. cxd5 Nxd5 4. g3 g6 5. Bg2 Nb6 6. h4 h5 7. Nf3 Bg7 8. O-O O-O 9. d3 Nc6 10. Be3 e5 11. Rc1 Be6 12. Ne4 Bd5 13. Nc5 Nd4 14. Nxd4 exd4 15. Bg5 Qc8 16. Bxd5 Nxd5 17. Qb3 Nb6 18. a4 a5 19. Ne4 Nd7 20. Be7 Re8 21. Nd6 cxd6 22. Rxc8 Raxc8 23. Bxd6 Nc5 24. Qb5 b6 25. Rc1 Rxe2 26. Qxb6 1-0


[Site "https://www.chess.com"]

[Event "Titled Tuesday Blitz January 17 Early 2023"]
[White "Rojas Salas, Steven"]
[Black "Mitrabha, Guha"]
[WhiteFideId "3819434"]
[BlackFideId "5057000"]
[WhiteElo "2217"]
[BlackElo "2507"]
[Result "0-1"]
[Round "01"]
[TimeControl "180+2"]
[Date "2023.01.17"]
[WhiteClock "0:00:02"]
[BlackClock "0:00:30"]

1. c4 Nf6 2. Nc3 c5 3. Nf3 Nc6 4. e3 g6 5. d4 cxd4 6. exd4 d5 7. cxd5 Nxd5 8. Qb3 Nxc3 9. Bc4 Nd5 10. Bxd5 e6 11. Bxc6+ bxc6 12. O-O Qd5 13. Qe3 Bg7 14. Bd2 O-O 15. Rfc1 Ba6 16. Rc5 Qd6 17. Rac1 Bb7 18. Ne5 Rfd8 19. Bc3 Rac8 20. h4 h6 21. a3 Qe7 22. g3 Bf8 23. Ra5 Ba8 24. Bb4 Qc7 25. Bxf8 Rxf8 26. Rac5 Kg7 27. Ng4 Rh8 28. h5 g5 29. b4 Qd6 30. Ne5 Rhd8 31. Qf3 Qe7 32. R1c4 Rd6 33. Qe3 a6 34. Ng4 Rcd8 35. Qe5+ f6 36. Qe3 Rd5 37. Rxd5 Rxd5 38. Rc5 Qd6 39. Nh2 Rxd4 40. Nf3 Rd1+ 41. Kg2 Bb7 42. Rc3 e5 43. Qa7 Qd7 44. Qe3 Bc8 45. Rxc6 Qh3# 0-1


[Site "https://www.chess.com"]

[Event "Titled Tuesday Blitz January 17 Early 2023"]
[White "Movahed, Sina"]
[Black "Kazancev, Valerij M"]
[WhiteFideId "42520835"]
[BlackFideId "4179609"]
[WhiteElo "2340"]
[BlackElo "2313"]
[Result "1-0"]
[Round "01"]
[TimeControl "180+2"]
[Date "2023.01.17"]
[WhiteClock "0:00:01"]
[BlackClock "0:00:02"]

1. e4 g6 2. d4 Bg7 3. Nf3 e6 4. Be3 Ne7 5. Nc3 a6 6. Qd2 h6 7. a4 d6 8. h4 Nd7 9. a5 c6 10. Bd3 d5 11. Ne2 dxe4 12. Bxe4 Nd5 13. h5 g5 14. O-O N7f6 15. Bd3 Nxh5 16. Ne5 O-O 17. c4 Nxe3 18. Qxe3 c5 19. Rfd1 cxd4 20. Nxd4 Qc7 21. Ndf3 Nf6 22. Bc2 Bd7 23. Nxg5 hxg5 24. Qxg5 Rfd8 25. Ra3 Ne4 26. Bxe4 Qxe5 27. Qh4 Kf8 28. Rf3 Rac8 29. Bg6 f5 30. g4 Qe4 31. Re3 Qf4 32. Red3 1-0


[Site "https://www.chess.com"]

[Event "Titled Tuesday Blitz January 17 Early 2023"]
[White "Vagman, Roy"]
[Black "Kamsky, Gata"]
[WhiteFideId "2828995"]
[BlackFideId "2000024"]
[WhiteElo "2273"]
[BlackElo "2665"]
[Result "0-1"]
[Round "01"]
[TimeControl "180+2"]
[Date "2023.01.17"]
[WhiteClock "0:00:03"]
[BlackClock "0:00:25"]

1. Nf3 Nf6 2. g3 d5 3. Bg2 c6 4. O-O Bf5 5. d3 h6 6. Nbd2 e6 7. c4 Bh7 8. Qb3 Qb6 9. Qxb6 axb6 10. cxd5 exd5 11. e4 Be7 12. Re1 O-O 13. b3 Na6 14. exd5 Nxd5 15. Ne5 Nab4 16. Bxd5 Nxd5 17. Bb2 Rfd8 18. Ne4 Bf8 19. a3 f6 20. Nc4 b5 21. Ne3 Kf7 22. b4 Nb6 23. Rad1 Na4 24. Ba1 Rd7 25. f3 Rad8 26. d4 Re8 27. Nc5 Nxc5 28. bxc5 Ra8 29. Bb2 Be7 30. Kf2 Ra6 31. Rc1 b6 32. cxb6 Rxb6 33. Red1 Ra6 34. Rc3 Rda7 35. d5 c5 36. Rb3 b4 37. axb4 cxb4 38. Bd4 Ra2+ 39. Kg1 Rd7 40. Rc1 Ra3 41. Rxa3 bxa3 42. Ra1 Rb7 43. Nc4 Rb4 44. d6 Rxc4 45. dxe7 Rxd4 46. Rxa3 Kxe7 47. Ra7+ Rd7 48. Kf2 0-1


[Site "https://www.chess.com"]